 Dungeon Crawl Stone Soup version 0.29-a0-885-gb26ba3297d (webtiles) character file.

Game seed: 13464323044164788146

64 jimonade the Sneak (level 4, 0/27 HPs)
             Began as a Kobold Brigand on July 21, 2022.
             Was an Initiate of Okawaru.
             Succumbed to Sigmund's poison
             ... on level 3 of the Dungeon.
             The game lasted 00:02:19 (1813 turns).

jimonade the Sneak (Kobold Brigand)                 Turns: 1813, Time: 00:02:19

Health: 0/27       AC:  3    Str:  8    XL:     4   Next: 32%
Magic:  4/4        EV: 14    Int: 12    God:    Okawaru [......]
Gold:   148        SH:  0    Dex: 18    Spells: 3/3 levels left

rFire   . . .      SeeInvis .   a - +2 dagger
rCold   . . .      Faith    .   (no shield)
rNeg    . . .      Spirit   .   b - +0 robe
rPois   .          Reflect  .   (no helmet)
rElec   .          Harm     .   c - +0 cloak
rCorr   .          Rampage  .   (no gloves)
Will    .....                   (no boots)
Stlth   +++++.....              (no amulet)
HPRegen 0.09/turn               m - ring of wizardry
MPRegen 0.09/turn               (no ring)

@: lethally poisoned (0 -> -8)
A: small, no large weapons, nightstalker 3
a: Renounce Religion


You were on level 3 of the Dungeon.
You worshipped Okawaru.
Okawaru was noncommittal.
You visited 1 branch of the dungeon, and saw 3 of its levels.

You collected 148 gold pieces.

Inventory:

Hand Weapons
 a - a +2 dagger (weapon)
 k - a +0 sling
 q - a +0 quarterstaff
 s - a +0 vorpal hand axe
Missiles
 d - 9 poisoned darts (quivered)
 e - 3 curare-tipped darts
Armour
 b - a +0 robe (worn)
 c - a +0 cloak (worn)
 l - a +0 chain mail
Magical Staves
 o - a staff of air
Jewellery
 m - a ring of wizardry (left hand)
Scrolls
 f - 6 scrolls of identify {unknown}
 h - 2 scrolls of vulnerability {unknown}
 j - a scroll of noise {unknown}
 p - 2 scrolls of fog {unknown}
 t - a scroll of teleportation {unknown}
Potions
 g - a potion of brilliance {unknown}
 i - 3 potions of heal wounds {unknown}
 n - 2 potions of lignification {unknown}
 r - a potion of might {unknown}


   Skills:
 + Level 2.3 Fighting
 + Level 3.1 Short Blades
 - Level 2.1 Throwing
 + Level 1.2 Dodging
 * Level 7.3 Stealth
 * Level 0.2 Spellcasting


You had 3 spell levels left.
You didn't know any spells.
Your spell library contained the following spells:

 Spells                   Type           Power      Damage    Failure   Level
 Conjure Ball Lightning   Conj/Air       0%         3x3d6     100%        6
 Discord                  Hex            0%         N/A       100%        8
 Disjunction              Tloc           0%         N/A       100%        8


Dungeon Overview and Level Annotations

Branches:
Dungeon (3/15)

Altars:
Okawaru
Xom

Annotations:
D:3 exclusions: orc and 2 more exclusions, Sigmund


Innate Abilities, Weirdness & Mutations

You are small and have problems with some larger weapons.
You are completely attuned to the shadows.


Message History

t - a scroll labelled POKYIPPEUTA You see here a bat corpse.
Sigmund the Dreaded comes into view.
He is wielding a +2 scythe of venom.
Found a stone staircase leading down.
You see here a scroll labelled VOLOKY ACEREO.
Found 13 gold pieces.
Sigmund shouts!
Sigmund misses you.
Found a crude leather armour.
You hit Sigmund.
Sigmund is lightly wounded.
Sigmund hits you with a +2 scythe of venom.
You are poisoned.
You hit Sigmund.
Sigmund is lightly wounded.
You feel sick.
You completely miss Sigmund.
Sigmund is lightly wounded.
You feel sick.
Sigmund screams, "Don't try to resist!"
Sigmund mumbles some strange words.
Sigmund flickers and vanishes!
Deactivating autopickup; reactivate with Ctrl-A.
You miss something.
You hear some strange, mumbled words.
You are confused.
You barely miss something.
You feel sick. Something hits you!
You are lethally poisoned!
You closely miss something.
You feel very sick.
* * * LOW HITPOINT WARNING * * *
You feel very sick. Something barely misses you.
* * * LOW HITPOINT WARNING * * *
You feel very sick. Something barely misses you.
* * * LOW HITPOINT WARNING * * *
You feel sick.
You feel less confused.
You die...

## ###. ####### ##...
#.....# #.... #...[.#
#...# #$.@..# #.#
.#...# #.....#
#.##.#.... #..{..#
#.#......# #.....#
###........#
#.....###...#.......
...#?###...#.#..#....
.###.....###.#..#....
>...................
.##########.#.....#.


There were no monsters in sight!

Vanquished Creatures
  2 adders
  A dart slug (D:1)
  5 endoplasms
  4 giant cockroaches
  3 goblins
  5 hobgoblins (D:2)
  2 jackals (D:2)
  A kobold (D:1)
  2 quokkas
  2 ball pythons (D:2)
  5 bats
  5 frilled lizards
  4 rats
41 creatures vanquished.

Vanquished Creatures (others)
  5 toadstools (D:1)
5 creatures vanquished.

Grand Total: 46 creatures vanquished

Notes
Turn   | Place    | Note
-------+----------+-------------------------------------------
     0 | D:1      | jimonade the Kobold Brigand began the quest for the Orb.
     0 | D:1      | Reached XP level 1. HP: 12/12 MP: 1/1
   142 | D:1      | Reached XP level 2. HP: 17/17 MP: 2/2
   172 | D:1      | Reached skill level 6 in Stealth
   373 | D:1      | Found a faded altar of an unknown god.
   791 | D:2      | Reached XP level 3. HP: 20/21 MP: 3/3
  1276 | D:2      | Found a shimmering altar of Xom.
  1547 | D:2      | Reached XP level 4. HP: 27/27 MP: 4/4
  1624 | D:3      | Reached skill level 7 in Stealth
  1686 | D:3      | Found an iron altar of Okawaru.
  1710 | D:3      | Became a worshipper of Warmaster Okawaru
  1800 | D:3      | Noticed Sigmund
  1813 | D:3      | Succumbed to Sigmund's poison

Illustrated notes

Levels and vault maps discovered:
D:1:      ldierk_walled_garden, layout_loops_ring,
          hellmonk_ecumenical_altar_leap_of_faith
D:2:      layout_loops_cross, basic_altar
D:3:      cheibrodos_helix_gallery, layout_basic, okawaru_gym_becter,
          uniq_jessica, uniq_sigmund

Skill      XL: |  1  2  3  4 |
---------------+-------------+-----
Stealth        | 6 7 |  7.3
Short Blades   | 3 |  3.1
Fighting       | |  2.3
Throwing       | |  2.1
Dodging        | |  1.2
Spellcasting   | |  0.2

Action                   |  1- 3 |  4- 6 || total
-------------------------+-------+-------++-------
Melee: Dagger            |    64 |    20 ||    84
 Stab: Sleeping          |    23 |     4 ||    27
Armor: Robe              |     6 |     3 ||     9
Dodge: Dodged            |    20 |     8 ||    28

Table legend: (Time is in decaauts)
 A = Elapsed time spent in this place.
 B = Non-inter-level travel time spent in this place.
 C = Inter-level travel time spent in this place.
 D = Time resting spent in this place.
 E = Time spent auto-exploring this place.
 F = Levels seen in this place.
 G = Mean time per level.
                   A        B        C        D        E       F      G
               +--------+--------+--------+--------+--------+-----+--------+
         Total |   1802 |   1685 |    117 |      0 |   1409 |   3 |  600.7 |
       Dungeon |   1802 |   1685 |    117 |      0 |   1409 |   3 |  600.7 |
               +--------+--------+--------+--------+--------+-----+--------+

Top non-repeatable levels by time:
     D:2: 816 daAuts
     D:1: 776 daAuts
     D:3: 210 daAuts
